 Dungeon Crawl Stone Soup version 0.29-a0-416-g83a48905f1 (webtiles) character file.

Game seed: 13070464129431798804

564 happo123 the Ruffian (level 7, -3/100 HPs)
             Began as a Troll Berserker on May 16, 2022.
             Was a Priest of Trog.
             Slain by a lemure (6 damage)
             ... led by Pikel
             ... on level 4 of the Dungeon.
             The game lasted 00:11:37 (2298 turns).

happo123 the Ruffian (Troll Berserker)              Turns: 2298, Time: 00:11:38

Health: -3/100     AC:  5    Str: 28    XL:     7   Next: 10%
Magic:  6/6        EV: 10    Int:  7    God:    Trog [***...]
Gold:   281        SH:  0    Dex:  5    Spells: 6/6 levels left

rFire   + + +      SeeInvis .   v - +11 mace of Moderation {flame, rF++ rN+ Int+4 Dex-4}
rCold   + . .      Faith    .   (no shield)
rNeg    + . .      Spirit   .   a - +0 animal skin
rPois   .          Reflect  .   (helmet restricted)
rElec   .          Harm     .   l - +0 cloak
rCorr   .          Rampage  .   (gloves unavailable)
Will    +....                   (boots unavailable)
Stlth   ..........              (no amulet)
HPRegen 1.06/turn               c - ring of protection from fire
MPRegen 0.10/turn               y - ring "Fuish" {rF++ rC+ Will+}

@: berserking, very quick
A: large, unfitting armour, claws 3, regeneration 1, shaggy fur 1, tough skin 1
a: Renounce Religion, Berserk, Trog's Hand


You were on level 4 of the Dungeon.
You worshipped Trog.
Trog was most pleased with you.
You visited 1 branch of the dungeon, and saw 4 of its levels.
You also visited: Sewer.

You collected 281 gold pieces.

Inventory:

Hand Weapons
 v - the +11 mace of Moderation (weapon) {flame, rF++ rN+ Int+4 Dex-4}
   (You found it on level 3 of the Dungeon)

   It burns those it strikes, dealing additional fire damage.
   Int:       It affects your intelligence (+4).
   Dex:       It affects your dexterity (-4).
   rF:        It greatly protects you from fire.
   rN:        It protects you from negative energy.
 w - a +2 quarterstaff of chaos
Armour
 a - a +0 animal skin (worn)
 l - a +0 cloak (worn)
Jewellery
 c - a ring of protection from fire (left claw)
 s - a ring of magical power
 y - the ring "Fuish" (right claw) {rF++ rC+ Will+}
   (You found it on level 4 of the Dungeon)

   [ring of willpower]

   rF:        It greatly protects you from fire.
   rC:        It protects you from cold.
   Will:      It increases your willpower.
 z - a ring of poison resistance
Wands
 n - a wand of charming (10)
Scrolls
 b - 3 scrolls of fog
 e - a scroll of enchant armour {unknown}
 g - a scroll of torment {unknown}
 h - a scroll of enchant weapon {unknown}
 i - 3 scrolls of identify
 j - 6 scrolls of teleportation
 m - a scroll of poison {unknown}
 o - a scroll of blinking {unknown}
 p - 2 scrolls of immolation {unknown}
 q - a scroll of brand weapon {unknown}
 r - a scroll of silence {unknown}
 t - a scroll of noise {unknown}
Potions
 d - 2 potions of brilliance {unknown}
 f - 3 potions of degeneration
 k - a potion of heal wounds {unknown}
 u - 2 potions of attraction {unknown}
 x - 4 potions of flight


   Skills:
 + Level 3.4 Fighting
 + Level 1.1 Maces & Flails
 + Level 4.1 Dodging
 + Level 0.3 Stealth
 + Level 6.0 Unarmed Combat


You had 6 spell levels left.
You didn't know any spells.
Your spell library was empty.

Dungeon Overview and Level Annotations

Branches:
Dungeon (4/15)              Sewer (visited)
 Temple: D:4-7

Altars:
Ru

Annotations:
D:4 Pikel


Innate Abilities, Weirdness & Mutations

You are too large for most types of armour.
You have claws for hands.
Your natural rate of healing is unusually fast.
You are covered in fur. (AC +1)
You have tough skin. (AC +1)


Message History

Pikel zaps a wand.
The mass of ice explodes!
The iceblast engulfs you. You partially resist.
Found a stone staircase leading down.
Pikel hits you with a +0 whip of electrocution!
You are electrocuted!
A red film seems to cover your vision as you go berserk!
You feel yourself moving faster!
You feel mighty! The lemure hits you but does no damage. The lemure hits you!
Pikel hits you with a +0 whip of electrocution.
You completely miss Pikel. The lemure hits you. x2
* * * LOW HITPOINT WARNING * * *
Pikel hits you with a +0 whip of electrocution.
* * * LOW HITPOINT WARNING * * *
You are electrocuted!
* * * LOW HITPOINT WARNING * * *
You sock Pikel! You burn Pikel.
Pikel is heavily wounded.
The lemure barely misses you. x2; Pikel misses you.
The dart slug barely misses you.
You sock Pikel! You burn Pikel.
Pikel is almost dead.
The lemure hits you!
* * * LOW HITPOINT WARNING * * *
The lemure hits you but does no damage. Pikel closely misses you.
The dart slug bites you.
* * * LOW HITPOINT WARNING * * *
You closely miss Pikel.
Pikel is almost dead.
The lemure closely misses you. x2; Pikel hits you but does no damage.
You closely miss Pikel.
Pikel is almost dead.
The lemure hits you.
* * * LOW HITPOINT WARNING * * *
The lemure barely misses you. Pikel barely misses you.
The dart slug launches a dart at you. The slug dart misses you.
You miss Pikel.
Pikel is almost dead.
The lemure closely misses you. The lemure hits you.
You die...

+#. .... .... ....
+###### ...# .......
#+#+#+#
.......##########...#.##
......w.................
>....WK@................
......55####..#######...
........#...........'...
........#.##.....####...
.......## #.....# ###'
####### ###..## #. ##.#
#. #.. #. ##.# #.


You could see Pikel, 2 lemures, a phantom and a dart slug.

Vanquished Creatures
  2 lemures (D:4)
  3 scorpions
  A hound (D:3)
  Crazy Yiuf (D:3)
  Jessica (D:3)
  Ijyb (D:3)
  An iguana (D:4)
  A merfolk siren (Sewer)
  A merfolk avatar (Sewer)
  4 gnolls (D:3)
  7 adders
  A river rat (Sewer)
  3 worms
  2 dart slugs (D:1)
  4 orcs (D:3)
  6 bats
  2 endoplasms (D:3)
  4 giant cockroaches
  2 goblins (D:1)
  A hobgoblin (D:2)
  7 jackals
  8 kobolds
  8 quokkas
  8 ball pythons
  9 frilled lizards
  24 rats
112 creatures vanquished.

Notes
Turn   | Place    | Note
-------+----------+-------------------------------------------
     0 | D:1      | happo123 the Troll Berserker began the quest for the Orb.
     0 | D:1      | Reached XP level 1. HP: 22/22 MP: 0/0
    59 | D:1      | Reached XP level 2. HP: 29/29 MP: 1/1
   230 | D:1      | Found a faded altar of an unknown god.
   459 | D:2      | Reached XP level 3. HP: 33/36 MP: 2/2
   784 | D:2      | Reached ** piety under Trog
   892 | D:2      | Reached XP level 4. HP: 44/44 MP: 3/3
   914 | D:3      | Reached skill level 4 in Unarmed Combat
   928 | D:3      | Reached XP level 5. HP: 26/53 MP: 4/4
  1023 | D:3      | Noticed Jessica
  1032 | D:3      | Killed Jessica
  1044 | D:3      | Reached skill level 5 in Unarmed Combat
  1114 | D:3      | Noticed Ijyb
  1138 | D:3      | Killed Ijyb
  1139 | D:3      | Reached XP level 6. HP: 61/61 MP: 5/5
  1479 | D:3      | Found a runed translucent door.
  1480 | D:3      | Noticed Crazy Yiuf
  1486 | D:3      | Killed Crazy Yiuf
  1487 | D:3      | Identified the +11 mace of Moderation {flame, rF++ rN+
                  | Int+4 Dex-4}
  1667 | D:4      | Found a glowing drain.
  1687 | Sewer    | Entered a sewer
  1768 | Sewer    | Reached skill level 6 in Unarmed Combat
  1782 | Sewer    | Reached *** piety under Trog
  1783 | Sewer    | Reached XP level 7. HP: 59/67 MP: 6/6
  1899 | Sewer    | Reached skill level 1 in Maces & Flails
  2011 | D:4      | Found a sacrificial altar of Ru.
  2080 | D:4      | Identified the ring "Fuish" {rF++ rC+ Will+}
  2287 | D:4      | Noticed Pikel
  2295 | D:4      | HP: 4/100 [lemure[Pikel] (8)]
  2298 | D:4      | Slain by a lemure

Illustrated notes

Levels and vault maps discovered:
D:1:      mrwooster_arrival_statue_3, layout_basic, basic_ecumenical_altar,
          hex_large
D:2:      layout_basic
D:3:      layout_rooms, serial_forest, infiniplex_forest_clump_small,
          infiniplex_forest_straight_2, infiniplex_forest_corner_1,
          infiniplex_forest_fountain, infiniplex_forest_diagonal,
          infiniplex_forest_lined_1, uniq_ijyb, uniq_crazy_yiuf_cottage,
          uniq_jessica
D:4:      layout_basic, mainiacjoe_overflow_six_doors_small,
          portal_sewer_entry_f, ebering_ghost_sewer_d, uniq_pikel

Skill      XL: |  1  2  3  4  5  6  7 |
---------------+----------------------+-----
Dodging        | 3 4 |  4.1
Fighting       | 3 |  3.4
Unarmed Combat | 4 5 6 |  6.0
Maces & Flails | 1 |  1.1
Stealth        | |  0.3

Action                   |  1- 3 |  4- 6 |  7- 9 || total
-------------------------+-------+-------+-------++-------
Melee: Unarmed           |   105 |    78 |       ||   183
       Punch             |       |     3 |       ||     3
       Mace              |       |    49 |    57 ||   106
Invok: Berserk           |       |     3 |     1 ||     4
  Use: Scroll            |       |       |     2 ||     2
Armor: Animal skin       |    57 |    45 |    32 ||   134
Dodge: Dodged            |    64 |    89 |    46 ||   199

Table legend: (Time is in decaauts)
 A = Elapsed time spent in this place.
 B = Non-inter-level travel time spent in this place.
 C = Inter-level travel time spent in this place.
 D = Time resting spent in this place.
 E = Time spent auto-exploring this place.
 F = Levels seen in this place.
 G = Mean time per level.
                   A        B        C        D        E       F      G
               +--------+--------+--------+--------+--------+-----+--------+
         Total |   2417 |   2061 |    356 |      0 |   1309 |   5 |  483.4 |
       Dungeon |   2033 |   1677 |    356 |      0 |   1192 |   4 |  508.2 |
         Sewer |    383 |    383 |      0 |      0 |    116 |   1 |  383.0 |
               +--------+--------+--------+--------+--------+-----+--------+

Top non-repeatable levels by time:
     D:3: 682 daAuts
     D:4: 452 daAuts
     D:2: 450 daAuts
     D:1: 447 daAuts
   Sewer: 383 daAuts
